Flyers vs Oilers

Created - February 27 2007 at 19:27

Goals
1 2 3 T
Flyers 0 2 2 4
Oilers 1 1 0 2
Shots
1 2 3 T
Flyers 10 17 7 34
Oilers 8 13 2 23

Period #1

1. Oilers , Daniel Alfredsson 25 (Shawn Horcoff) at 0:07 (PP)

Penalities :
Simon Gagne (PHI) for Delaying the game (Minor) at 0:03, Geoff Sanderson (PHI) for Charging (Minor) at 1:40, Brendan Witt (EDM) for Clipping (Minor) at 10:32, Tomas Holmstrom (PHI) for Boarding (Minor) at 13:55, Freddy Meyer (PHI) for Slashing (Minor) at 18:17

Period #2

2. Flyers , Alexei Yashin 14 (Nolan Baumgartner) at 10:34
3. Flyers , Denis Gauthier 5 (Geoff Sanderson, Mike Richards) at 11:31
4. Oilers , Daniel Alfredsson 26 (Shawn Horcoff, Ryan Smyth) at 11:58 (PP)

Penalities :
Nolan Baumgartner (PHI) for Delaying the game (Minor) at 5:05, Geoff Sanderson (PHI) for Roughing (Minor) at 8:02, Freddy Meyer (PHI) for Cross-checking (Minor) at 11:32, Brendan Witt (EDM) for Tripping (Minor) at 11:59, Ethan Moreau (EDM) for Interference (Minor) at 14:56, Ruslan Salei (EDM) for Clipping (Minor) at 19:53

Period #3

5. Flyers , Alexei Yashin 15 (Mike Rathje, Geoff Sanderson) at 7:00 (PP)
6. Flyers , Mike Knuble 15 (Alexei Yashin) at 16:57

Penalities :
Nicklas Lidstrom (EDM) for Slashing (Minor) at 4:31, Ethan Moreau (EDM) for Cross-checking (Minor) at 6:53, Brendan Witt (EDM) for Delaying the game (Minor) at 11:19, Peter Forsberg (PHI) for Interference (Minor) at 17:22

Goalie Stats

Antero Niittymaki (PHI), 21 saves from 23 shots - (0.913), W, 10-9-1, 60:00 minutes
Dwayne Roloson (EDM), 30 saves from 34 shots - (0.882), L, 20-17-4, 60:00 minutes

Players Stats

Flyers
Player Name              G  A  P  +/- PIM S  H  SB FO MP 
-----------------------------------------------------------
Alexei Yashin            2  1  3   2  0   3  0  0  19 21 
Chris Therien            0  0  0   0  0   0  0  0  0  7  
Denis Gauthier           1  0  1   1  0   3  2  0  0  17 
Derian Hatcher           0  0  0   0  0   2  1  0  0  21 
Freddy Meyer             0  0  0   2  4   0  2  0  0  20 
Geoff Sanderson          0  2  2   1  4   4  0  0  0  18 
Marc-Andre Bergeron      0  0  0   0  0   1  0  0  0  21 
Michal Handzus           0  0  0   1  0   3  0  1  25 21 
Mike Knuble              1  0  1   2  0   5  2  0  1  20 
Mike Rathje              0  1  1   1  0   0  0  0  0  23 
Mike Richards            0  1  1   1  0   0  0  1  3  12 
Niko Dimitrakos          0  0  0   0  0   0  0  0  1  7  
Nolan Baumgartner        0  1  1   2  2   4  0  1  0  18 
Peter Forsberg           0  0  0   0  2   4  1  0  31 23 
Randy Robitaille         0  0  0   0  0   1  0  0  0  12 
Sami Kapanen             0  0  0   0  0   0  0  0  0  3  
Simon Gagne              0  0  0   1  2   2  0  0  1  21 
Tomas Holmstrom          0  0  0   1  2   2  0  1  3  21 
Oilers
Player Name              G  A  P  +/- PIM S  H  SB FO MP 
-----------------------------------------------------------
Ales Hemsky              0  0  0   0  0   2  2  0  1  18 
Brendan Witt             0  0  0   0  6   1  2  1  0  17 
Daniel Alfredsson        2  0  2   0  0   3  2  0  4  21 
Daniel Tjarnqvist        0  0  0  -1  0   1  0  1  0  18 
Dick Tarnstrom           0  0  0   0  0   0  0  0  0  0  
Ethan Moreau             0  0  0  -3  4   2  1  0  4  17 
Jarret Stoll             0  0  0   0  0   1  1  0  30 23 
Jason Smith              0  0  0  -3  0   0  1  3  0  22 
Keith Tkachuk            0  0  0   0  0   4  1  0  1  17 
Marty Reasoner           0  0  0  -1  0   0  0  0  9  13 
Mike Sillinger           0  0  0  -1  0   1  1  0  4  15 
Nicklas Lidstrom         0  0  0   0  2   0  1  3  0  22 
Petr Sykora              0  0  0  -2  0   1  0  0  1  5  
Raffi Torres             0  0  0  -2  0   0  0  1  7  13 
Ruslan Salei             0  0  0  -1  2   0  0  0  0  21 
Ryan Smyth               0  1  1   0  0   4  1  0  1  22 
Shawn Horcoff            0  2  2   0  0   2  0  0  22 17 
Steve Staios             0  0  0  -1  0   1  0  2  0  24 

3 Stars

1 - Alexei Yashin (PHI)
2 - Daniel Alfredsson (EDM)
3 - Mike Knuble (PHI)

Power Play

Flyers - 1 on 7 Attempt(s) - 14.29%
Oilers - 2 on 8 Attempt(s) - 25.00%

Penalty Kill

Flyers - 6 on 8 Attempt(s) - 75.00% - Score 0 goal in Penalty Kill
Oilers - 6 on 7 Attempt(s) - 85.71% - Score 0 goal in Penalty Kill

Game Notes

Sami Kapanen is injured at 6:57 of 1st period (Eye)

Finance

Level 1 -- Attendance: 2993 (59.87%) -- Ticket Income $299,300.00
Level 2 -- Attendance: 3728 (87.71%) -- Ticket Income $167,760.00
Level 3 -- Attendance: 1770 (82.77%) -- Ticket Income $53,100.00
Level 4 -- Attendance: 3147 (78.67%) -- Ticket Income $62,940.00
Luxury Box -- Attendance: 618 (61.85%) -- Ticket Income $123,600.00
Game was played at the Rexall Place
Total Attendance: 12256 (74.78%)
Total Ticket Income: $726,688.30
Other Income: $57,715.10
Total Income: $784,403.00


Play by Play

Period #1

0:01 of 1st period - Shawn Horcoff wins face-off versus Peter Forsberg in neutral zone.
0:03 of 1st period - Minor Penalty to Simon Gagne for Delaying the game.
0:04 of 1st period - Shawn Horcoff wins face-off versus Michal Handzus in Flyers zone.
0:07 of 1st period - Shot by Daniel Alfredsson.
0:07 of 1st period - Goal by Daniel Alfredsson - Flyers : 0 - Oilers : 1.
0:08 of 1st period - Alexei Yashin wins face-off versus Shawn Horcoff in neutral zone.
0:24 of 1st period - Alexei Yashin is hit by Daniel Alfredsson and loses puck.
0:39 of 1st period - Mike Knuble is hit by Ryan Smyth and loses puck.
1:09 of 1st period - Shot by Peter Forsberg.
1:09 of 1st period - Stopped by Dwayne Roloson with a rebound.
1:32 of 1st period - Shot by Keith Tkachuk.
1:32 of 1st period - Stopped by Antero Niittymaki without a rebound.
1:33 of 1st period - Michal Handzus wins face-off versus Mike Sillinger in Flyers zone.
1:39 of 1st period - Nolan Baumgartner is hit by Ethan Moreau and loses puck.
1:40 of 1st period - Minor Penalty to Geoff Sanderson for Charging.
1:41 of 1st period - Jarret Stoll wins face-off versus Michal Handzus in Oilers zone.
1:52 of 1st period - Shot by Ales Hemsky.
1:52 of 1st period - Shot Misses the Net.
3:20 of 1st period - Icing by Daniel Tjarnqvist.
3:21 of 1st period - Michal Handzus wins face-off versus Jarret Stoll in Oilers zone.
3:28 of 1st period - Shot by Simon Gagne.
3:28 of 1st period - Stopped by Dwayne Roloson without a rebound.
3:29 of 1st period - Jarret Stoll wins face-off versus Peter Forsberg in Oilers zone.
4:37 of 1st period - Icing by Denis Gauthier.
4:38 of 1st period - Jarret Stoll wins face-off versus Michal Handzus in Flyers zone.
5:25 of 1st period - Shot by Marty Reasoner.
5:25 of 1st period - Shot Misses the Net.
6:24 of 1st period - Shot by Alexei Yashin.
6:24 of 1st period - Stopped by Dwayne Roloson without a rebound.
6:25 of 1st period - Mike Sillinger wins face-off versus Michal Handzus in Oilers zone.
6:40 of 1st period - Shot by Mike Richards.
6:40 of 1st period - Shot Misses the Net.
6:45 of 1st period - Shot by Michal Handzus.
6:45 of 1st period - Shot Misses the Net.
6:46 of 1st period - Shot by Nolan Baumgartner.
6:46 of 1st period - Stopped by Dwayne Roloson with a rebound.
6:49 of 1st period - Shot by Geoff Sanderson.
6:49 of 1st period - Stopped by Dwayne Roloson without a rebound.
6:50 of 1st period - Alexei Yashin wins face-off versus Daniel Alfredsson in Oilers zone.
6:56 of 1st period - Sami Kapanen is hit by Brendan Witt and loses puck.
6:57 of 1st period - Sami Kapanen from Flyers is injured at 6:57 of 1st period (Eye).
6:58 of 1st period - Alexei Yashin wins face-off versus Jarret Stoll in Oilers zone.
6:58 of 1st period - Freddy Meyer is hit by Jarret Stoll and loses puck.
7:52 of 1st period - Shot by Mike Richards.
7:52 of 1st period - Stopped by Dwayne Roloson without a rebound.
7:53 of 1st period - Peter Forsberg wins face-off versus Daniel Alfredsson in Oilers zone.
8:24 of 1st period - Shot by Peter Forsberg.
8:24 of 1st period - Shot Misses the Net.
8:27 of 1st period - Shot by Mike Knuble.
8:27 of 1st period - Stopped by Dwayne Roloson without a rebound.
8:28 of 1st period - Michal Handzus wins face-off versus Marty Reasoner in Oilers zone.
8:50 of 1st period - Marty Reasoner is hit by Denis Gauthier and loses puck.
9:47 of 1st period - Off-side.
9:48 of 1st period - Jarret Stoll wins face-off versus Alexei Yashin in neutral zone.
9:57 of 1st period - Shot by Jarret Stoll.
9:57 of 1st period - Shot Misses the Net.
10:00 of 1st period - Shot by Keith Tkachuk.
10:00 of 1st period - Stopped by Antero Niittymaki without a rebound.
10:01 of 1st period - Shawn Horcoff wins face-off versus Michal Handzus in Flyers zone.
10:06 of 1st period - Shot by Shawn Horcoff.
10:06 of 1st period - Shot Misses the Net.
10:13 of 1st period - Shot by Michal Handzus.
10:13 of 1st period - Shot Misses the Net.
10:16 of 1st period - Shot by Geoff Sanderson.
10:16 of 1st period - Shot Misses the Net.
10:17 of 1st period - Shot by Denis Gauthier.
10:17 of 1st period - Stopped by Dwayne Roloson without a rebound.
10:18 of 1st period - Jarret Stoll wins face-off versus Peter Forsberg in Oilers zone.
10:32 of 1st period - Minor Penalty to Brendan Witt for Clipping.
10:33 of 1st period - Jarret Stoll wins face-off versus Alexei Yashin in neutral zone.
10:39 of 1st period - Icing by Peter Forsberg.
10:40 of 1st period - Alexei Yashin wins face-off versus Jarret Stoll in Flyers zone.
10:57 of 1st period - Shot by Peter Forsberg.
10:57 of 1st period - Shot Hit the Post.
12:58 of 1st period - Shot by Michal Handzus.
12:58 of 1st period - Shot Misses the Net.
12:59 of 1st period - Shot by Denis Gauthier.
12:59 of 1st period - Shot Misses the Net.
13:29 of 1st period - Icing by Derian Hatcher.
13:30 of 1st period - Peter Forsberg wins face-off versus Ethan Moreau in Flyers zone.
13:30 of 1st period - Randy Robitaille is hit by Mike Sillinger and loses puck.
13:55 of 1st period - Minor Penalty to Tomas Holmstrom for Boarding.
13:56 of 1st period - Shawn Horcoff wins face-off versus Alexei Yashin in Flyers zone.
14:16 of 1st period - Off-side.
14:17 of 1st period - Shawn Horcoff wins face-off versus Peter Forsberg in neutral zone.
14:40 of 1st period - Shot by Shawn Horcoff.
14:40 of 1st period - Stopped by Antero Niittymaki with a rebound.
15:59 of 1st period - Shot by Mike Sillinger.
15:59 of 1st period - Stopped by Antero Niittymaki without a rebound.
16:00 of 1st period - Mike Richards wins face-off versus Petr Sykora in Flyers zone.
16:11 of 1st period - Shot by Geoff Sanderson.
16:11 of 1st period - Stopped by Dwayne Roloson with a rebound.
16:12 of 1st period - Shot by Nolan Baumgartner.
16:12 of 1st period - Stopped by Dwayne Roloson without a rebound.
16:13 of 1st period - Mike Sillinger wins face-off versus Niko Dimitrakos in Oilers zone.
16:28 of 1st period - Shot by Peter Forsberg.
16:28 of 1st period - Shot Misses the Net.
18:02 of 1st period - Jason Smith is hit by Mike Knuble and loses puck.
18:17 of 1st period - Minor Penalty to Freddy Meyer for Slashing.
18:18 of 1st period - Keith Tkachuk wins face-off versus Peter Forsberg in neutral zone.
18:35 of 1st period - Shot by Jarret Stoll.
18:35 of 1st period - Stopped by Antero Niittymaki without a rebound.
18:36 of 1st period - Shawn Horcoff wins face-off versus Peter Forsberg in Flyers zone.
18:37 of 1st period - Shot by Ryan Smyth.
18:37 of 1st period - Stopped by Antero Niittymaki with a rebound.
19:30 of 1st period - Shot by Jarret Stoll.
19:30 of 1st period - Shot Misses the Net.
19:31 of 1st period - Shot by Keith Tkachuk.
19:31 of 1st period - Shot Misses the Net.
19:34 of 1st period - Shot by Keith Tkachuk.
19:34 of 1st period - Stopped by Antero Niittymaki with a rebound.

Period #2

0:01 of 2nd period - Shawn Horcoff wins face-off versus Michal Handzus in neutral zone.
0:04 of 2nd period - Shot by Ryan Smyth.
0:04 of 2nd period - Stopped by Antero Niittymaki without a rebound.
0:05 of 2nd period - Peter Forsberg wins face-off versus Jarret Stoll in Flyers zone.
0:47 of 2nd period - Raffi Torres is hit by Peter Forsberg and loses puck.
1:22 of 2nd period - Michal Handzus is hit by Ales Hemsky and loses puck.
1:49 of 2nd period - Icing by Nicklas Lidstrom.
1:50 of 2nd period - Peter Forsberg wins face-off versus Jarret Stoll in Oilers zone.
1:55 of 2nd period - Shot by Tomas Holmstrom.
1:55 of 2nd period - Shot Blocked by Brendan Witt.
1:58 of 2nd period - Shot by Peter Forsberg.
1:58 of 2nd period - Shot Misses the Net.
1:59 of 2nd period - Shot by Derian Hatcher.
1:59 of 2nd period - Stopped by Dwayne Roloson with a rebound.
2:00 of 2nd period - Shot by Derian Hatcher.
2:00 of 2nd period - Shot Hit the Post.
2:01 of 2nd period - Shot by Marc-Andre Bergeron.
2:01 of 2nd period - Stopped by Dwayne Roloson with a rebound.
2:02 of 2nd period - Shot by Tomas Holmstrom.
2:02 of 2nd period - Shot Misses the Net.
2:09 of 2nd period - Shot by Tomas Holmstrom.
2:09 of 2nd period - Shot Misses the Net.
2:43 of 2nd period - Freddy Meyer is hit by Keith Tkachuk and loses puck.
3:07 of 2nd period - Shot by Alexei Yashin.
3:07 of 2nd period - Shot Misses the Net.
3:10 of 2nd period - Shot by Alexei Yashin.
3:10 of 2nd period - Shot Blocked by Nicklas Lidstrom.
3:11 of 2nd period - Shot by Mike Knuble.
3:11 of 2nd period - Stopped by Dwayne Roloson without a rebound.
3:12 of 2nd period - Michal Handzus wins face-off versus Ryan Smyth in Oilers zone.
3:36 of 2nd period - Ryan Smyth is hit by Denis Gauthier and loses puck.
4:10 of 2nd period - Shot by Peter Forsberg.
4:10 of 2nd period - Stopped by Dwayne Roloson with a rebound.
4:29 of 2nd period - Shot by Peter Forsberg.
4:29 of 2nd period - Shot Misses the Net.
4:52 of 2nd period - Shot by Mike Sillinger.
4:52 of 2nd period - Shot Misses the Net.
4:55 of 2nd period - Shot by Mike Sillinger.
4:55 of 2nd period - Shot Misses the Net.
5:04 of 2nd period - Shot by Daniel Tjarnqvist.
5:04 of 2nd period - Stopped by Antero Niittymaki without a rebound.
5:05 of 2nd period - Marty Reasoner wins face-off versus Michal Handzus in Flyers zone.
5:05 of 2nd period - Minor Penalty to Nolan Baumgartner for Delaying the game.
5:06 of 2nd period - Mike Sillinger wins face-off versus Michal Handzus in Flyers zone.
5:19 of 2nd period - Shot by Raffi Torres.
5:19 of 2nd period - Shot Misses the Net.
6:21 of 2nd period - Icing by Marty Reasoner.
6:22 of 2nd period - Jarret Stoll wins face-off versus Michal Handzus in Oilers zone.
7:14 of 2nd period - Ethan Moreau is hit by Mike Knuble and loses puck.
7:43 of 2nd period - Off-side.
7:44 of 2nd period - Jarret Stoll wins face-off versus Michal Handzus in neutral zone.
7:53 of 2nd period - Shot by Ales Hemsky.
7:53 of 2nd period - Shot Blocked by Michal Handzus.
7:54 of 2nd period - Shot by Brendan Witt.
7:54 of 2nd period - Stopped by Antero Niittymaki without a rebound.
7:55 of 2nd period - Shawn Horcoff wins face-off versus Michal Handzus in Flyers zone.
8:02 of 2nd period - Shot by Ryan Smyth.
8:02 of 2nd period - Shot Blocked by Mike Richards.
8:02 of 2nd period - Minor Penalty to Geoff Sanderson for Roughing.
8:03 of 2nd period - Peter Forsberg wins face-off versus Jarret Stoll in Flyers zone.
8:32 of 2nd period - Shot by Ales Hemsky.
8:32 of 2nd period - Stopped by Antero Niittymaki without a rebound.
8:33 of 2nd period - Shawn Horcoff wins face-off versus Michal Handzus in Flyers zone.
8:50 of 2nd period - Shot by Ryan Smyth.
8:50 of 2nd period - Stopped by Antero Niittymaki without a rebound.
8:51 of 2nd period - Shawn Horcoff wins face-off versus Peter Forsberg in Flyers zone.
9:04 of 2nd period - Shot by Daniel Alfredsson.
9:04 of 2nd period - Shot Misses the Net.
9:09 of 2nd period - Shot by Ryan Smyth.
9:09 of 2nd period - Stopped by Antero Niittymaki without a rebound.
9:10 of 2nd period - Jarret Stoll wins face-off versus Michal Handzus in Flyers zone.
9:27 of 2nd period - Shot by Keith Tkachuk.
9:27 of 2nd period - Shot Misses the Net.
9:38 of 2nd period - Shot by Keith Tkachuk.
9:38 of 2nd period - Stopped by Antero Niittymaki without a rebound.
9:39 of 2nd period - Peter Forsberg wins face-off versus Shawn Horcoff in Flyers zone.
9:54 of 2nd period - Shot by Shawn Horcoff.
9:54 of 2nd period - Stopped by Antero Niittymaki with a rebound.
10:02 of 2nd period - Icing by Nicklas Lidstrom.
10:03 of 2nd period - Ethan Moreau wins face-off versus Alexei Yashin in Oilers zone.
10:34 of 2nd period - Shot by Alexei Yashin.
10:34 of 2nd period - Goal by Alexei Yashin - Flyers : 1 - Oilers : 1.
10:35 of 2nd period - Michal Handzus wins face-off versus Ales Hemsky in neutral zone.
10:42 of 2nd period - Shot by Michal Handzus.
10:42 of 2nd period - Stopped by Dwayne Roloson without a rebound.
10:43 of 2nd period - Peter Forsberg wins face-off versus Marty Reasoner in Oilers zone.
11:03 of 2nd period - Ethan Moreau is hit by Derian Hatcher and loses puck.
11:27 of 2nd period - Shot by Mike Richards.
11:27 of 2nd period - Shot Blocked by Daniel Tjarnqvist.
11:30 of 2nd period - Shot by Geoff Sanderson.
11:30 of 2nd period - Shot Misses the Net.
11:31 of 2nd period - Shot by Denis Gauthier.
11:31 of 2nd period - Goal by Denis Gauthier - Flyers : 2 - Oilers : 1.
11:32 of 2nd period - Jarret Stoll wins face-off versus Alexei Yashin in neutral zone.
11:32 of 2nd period - Minor Penalty to Freddy Meyer for Cross-checking.
11:33 of 2nd period - Peter Forsberg wins face-off versus Shawn Horcoff in neutral zone.
11:58 of 2nd period - Shot by Daniel Alfredsson.
11:58 of 2nd period - Goal by Daniel Alfredsson - Flyers : 2 - Oilers : 2.
11:59 of 2nd period - Michal Handzus wins face-off versus Jarret Stoll in neutral zone.
11:59 of 2nd period - Minor Penalty to Brendan Witt for Tripping.
12:00 of 2nd period - Jarret Stoll wins face-off versus Peter Forsberg in neutral zone.
12:11 of 2nd period - Shot by Ryan Smyth.
12:11 of 2nd period - Stopped by Antero Niittymaki without a rebound.
12:12 of 2nd period - Alexei Yashin wins face-off versus Daniel Alfredsson in Flyers zone.
12:23 of 2nd period - Shot by Geoff Sanderson.
12:23 of 2nd period - Stopped by Dwayne Roloson with a rebound.
12:26 of 2nd period - Shot by Simon Gagne.
12:26 of 2nd period - Shot Blocked by Jason Smith.
13:03 of 2nd period - Shot by Mike Knuble.
13:03 of 2nd period - Stopped by Dwayne Roloson without a rebound.
13:04 of 2nd period - Michal Handzus wins face-off versus Jarret Stoll in Oilers zone.
13:23 of 2nd period - Shot by Michal Handzus.
13:23 of 2nd period - Stopped by Dwayne Roloson without a rebound.
13:24 of 2nd period - Alexei Yashin wins face-off versus Raffi Torres in Oilers zone.
13:51 of 2nd period - Shot by Geoff Sanderson.
13:51 of 2nd period - Stopped by Dwayne Roloson without a rebound.
13:52 of 2nd period - Peter Forsberg wins face-off versus Jarret Stoll in Oilers zone.
14:56 of 2nd period - Minor Penalty to Ethan Moreau for Interference.
14:57 of 2nd period - Tomas Holmstrom wins face-off versus Raffi Torres in Flyers zone.
15:14 of 2nd period - Shot by Mike Knuble.
15:14 of 2nd period - Shot Blocked by Jason Smith.
15:19 of 2nd period - Shot by Tomas Holmstrom.
15:19 of 2nd period - Stopped by Dwayne Roloson without a rebound.
15:20 of 2nd period - Daniel Alfredsson wins face-off versus Peter Forsberg in Oilers zone.
15:35 of 2nd period - Shot by Peter Forsberg.
15:35 of 2nd period - Shot Misses the Net.
16:18 of 2nd period - Shot by Geoff Sanderson.
16:18 of 2nd period - Shot Blocked by Jason Smith.
16:21 of 2nd period - Shot by Tomas Holmstrom.
16:21 of 2nd period - Stopped by Dwayne Roloson without a rebound.
16:22 of 2nd period - Jarret Stoll wins face-off versus Alexei Yashin in Oilers zone.
17:39 of 2nd period - Shot by Ethan Moreau.
17:39 of 2nd period - Stopped by Antero Niittymaki without a rebound.
17:40 of 2nd period - Peter Forsberg wins face-off versus Shawn Horcoff in Flyers zone.
17:53 of 2nd period - Shot by Peter Forsberg.
17:53 of 2nd period - Stopped by Dwayne Roloson with a rebound.
17:54 of 2nd period - Shot by Niko Dimitrakos.
17:54 of 2nd period - Shot Misses the Net.
17:57 of 2nd period - Shot by Peter Forsberg.
17:57 of 2nd period - Shot Hit the Post.
17:58 of 2nd period - Shot by Derian Hatcher.
17:58 of 2nd period - Stopped by Dwayne Roloson without a rebound.
17:59 of 2nd period - Jarret Stoll wins face-off versus Alexei Yashin in Oilers zone.
18:12 of 2nd period - Shot by Mike Knuble.
18:12 of 2nd period - Stopped by Dwayne Roloson without a rebound.
18:13 of 2nd period - Peter Forsberg wins face-off versus Ethan Moreau in Oilers zone.
18:16 of 2nd period - Shot by Tomas Holmstrom.
18:16 of 2nd period - Shot Blocked by Steve Staios.
18:51 of 2nd period - Shot by Petr Sykora.
18:51 of 2nd period - Stopped by Antero Niittymaki with a rebound.
18:52 of 2nd period - Shot by Steve Staios.
18:52 of 2nd period - Stopped by Antero Niittymaki without a rebound.
18:53 of 2nd period - Alexei Yashin wins face-off versus Jarret Stoll in Flyers zone.
18:57 of 2nd period - Mike Knuble is hit by Brendan Witt and loses puck.
19:31 of 2nd period - Shot by Randy Robitaille.
19:31 of 2nd period - Stopped by Dwayne Roloson without a rebound.
19:32 of 2nd period - Michal Handzus wins face-off versus Shawn Horcoff in Oilers zone.
19:47 of 2nd period - Shot by Daniel Alfredsson.
19:47 of 2nd period - Shot Misses the Net.
19:53 of 2nd period - Minor Penalty to Ruslan Salei for Clipping.
19:54 of 2nd period - Peter Forsberg wins face-off versus Raffi Torres in neutral zone.
19:59 of 2nd period - Shot by Peter Forsberg.
19:59 of 2nd period - Shot Misses the Net.

Period #3

0:01 of 3rd period - Peter Forsberg wins face-off versus Raffi Torres in neutral zone.
0:14 of 3rd period - Shot by Peter Forsberg.
0:14 of 3rd period - Stopped by Dwayne Roloson with a rebound.
0:17 of 3rd period - Shot by Peter Forsberg.
0:17 of 3rd period - Shot Misses the Net.
0:18 of 3rd period - Shot by Freddy Meyer.
0:18 of 3rd period - Shot Blocked by Nicklas Lidstrom.
0:19 of 3rd period - Shot by Freddy Meyer.
0:19 of 3rd period - Shot Blocked by Nicklas Lidstrom.
1:21 of 3rd period - Icing by Derian Hatcher.
1:22 of 3rd period - Raffi Torres wins face-off versus Alexei Yashin in Flyers zone.
2:19 of 3rd period - Shot by Mike Sillinger.
2:19 of 3rd period - Stopped by Antero Niittymaki without a rebound.
2:20 of 3rd period - Shawn Horcoff wins face-off versus Mike Knuble in Flyers zone.
2:23 of 3rd period - Shot by Daniel Alfredsson.
2:23 of 3rd period - Shot Misses the Net.
2:37 of 3rd period - Icing by Steve Staios.
2:38 of 3rd period - Michal Handzus wins face-off versus Shawn Horcoff in Oilers zone.
2:41 of 3rd period - Shot by Geoff Sanderson.
2:41 of 3rd period - Shot Misses the Net.
2:42 of 3rd period - Shot by Geoff Sanderson.
2:42 of 3rd period - Shot Blocked by Steve Staios.
3:18 of 3rd period - Icing by Daniel Tjarnqvist.
3:19 of 3rd period - Peter Forsberg wins face-off versus Marty Reasoner in Oilers zone.
4:09 of 3rd period - Alexei Yashin is hit by Ales Hemsky and loses puck.
4:30 of 3rd period - Brendan Witt is hit by Freddy Meyer and loses puck.
4:31 of 3rd period - Minor Penalty to Nicklas Lidstrom for Slashing.
4:32 of 3rd period - Jarret Stoll wins face-off versus Tomas Holmstrom in Flyers zone.
4:48 of 3rd period - Icing by Freddy Meyer.
4:49 of 3rd period - Tomas Holmstrom wins face-off versus Raffi Torres in Flyers zone.
5:13 of 3rd period - Icing by Alexei Yashin.
5:14 of 3rd period - Jarret Stoll wins face-off versus Alexei Yashin in Flyers zone.
6:48 of 3rd period - Icing by Marty Reasoner.
6:49 of 3rd period - Michal Handzus wins face-off versus Marty Reasoner in Oilers zone.
6:53 of 3rd period - Minor Penalty to Ethan Moreau for Cross-checking.
6:54 of 3rd period - Alexei Yashin wins face-off versus Jarret Stoll in Oilers zone.
6:59 of 3rd period - Shot by Geoff Sanderson.
6:59 of 3rd period - Shot Misses the Net.
7:00 of 3rd period - Shot by Mike Rathje.
7:00 of 3rd period - Goal by Alexei Yashin - Flyers : 3 - Oilers : 2.
7:01 of 3rd period - Shawn Horcoff wins face-off versus Michal Handzus in neutral zone.
7:16 of 3rd period - Shot by Mike Richards.
7:16 of 3rd period - Shot Misses the Net.
7:17 of 3rd period - Shot by Nolan Baumgartner.
7:17 of 3rd period - Stopped by Dwayne Roloson without a rebound.
7:18 of 3rd period - Alexei Yashin wins face-off versus Marty Reasoner in Oilers zone.
7:49 of 3rd period - Shot by Tomas Holmstrom.
7:49 of 3rd period - Shot Misses the Net.
8:30 of 3rd period - Shot by Ales Hemsky.
8:30 of 3rd period - Shot Blocked by Nolan Baumgartner.
8:35 of 3rd period - Shot by Ales Hemsky.
8:35 of 3rd period - Stopped by Antero Niittymaki without a rebound.
8:36 of 3rd period - Peter Forsberg wins face-off versus Shawn Horcoff in Flyers zone.
8:36 of 3rd period - Simon Gagne is hit by Daniel Alfredsson and loses puck.
8:42 of 3rd period - Shot by Daniel Alfredsson.
8:42 of 3rd period - Shot Blocked by Tomas Holmstrom.
8:51 of 3rd period - Shot by Ryan Smyth.
8:51 of 3rd period - Shot Misses the Net.
9:43 of 3rd period - Alexei Yashin is hit by Jason Smith and loses puck.
10:05 of 3rd period - Shot by Mike Sillinger.
10:05 of 3rd period - Shot Misses the Net.
10:21 of 3rd period - Off-side.
10:22 of 3rd period - Jarret Stoll wins face-off versus Peter Forsberg in neutral zone.
11:04 of 3rd period - Geoff Sanderson is hit by Nicklas Lidstrom and loses puck.
11:19 of 3rd period - Minor Penalty to Brendan Witt for Delaying the game.
11:20 of 3rd period - Peter Forsberg wins face-off versus Raffi Torres in Oilers zone.
12:27 of 3rd period - Shot by Geoff Sanderson.
12:27 of 3rd period - Shot Misses the Net.
12:30 of 3rd period - Shot by Simon Gagne.
12:30 of 3rd period - Shot Misses the Net.
12:31 of 3rd period - Shot by Tomas Holmstrom.
12:31 of 3rd period - Shot Misses the Net.
12:50 of 3rd period - Shot by Randy Robitaille.
12:50 of 3rd period - Shot Blocked by Raffi Torres.
13:03 of 3rd period - Shot by Alexei Yashin.
13:03 of 3rd period - Shot Misses the Net.
13:22 of 3rd period - Shot by Geoff Sanderson.
13:22 of 3rd period - Shot Misses the Net.
13:23 of 3rd period - Shot by Nolan Baumgartner.
13:23 of 3rd period - Stopped by Dwayne Roloson with a rebound.
13:24 of 3rd period - Shot by Denis Gauthier.
13:24 of 3rd period - Stopped by Dwayne Roloson without a rebound.
13:25 of 3rd period - Jarret Stoll wins face-off versus Mike Richards in Oilers zone.
14:15 of 3rd period - Icing by Peter Forsberg.
14:16 of 3rd period - Peter Forsberg wins face-off versus Marty Reasoner in Flyers zone.
14:20 of 3rd period - Icing by Niko Dimitrakos.
14:21 of 3rd period - Peter Forsberg wins face-off versus Marty Reasoner in Flyers zone.
15:11 of 3rd period - Daniel Alfredsson is hit by Freddy Meyer and loses puck.
16:18 of 3rd period - Icing by Derian Hatcher.
16:19 of 3rd period - Peter Forsberg wins face-off versus Marty Reasoner in Flyers zone.
16:26 of 3rd period - Shot by Peter Forsberg.
16:26 of 3rd period - Shot Misses the Net.
16:29 of 3rd period - Shot by Peter Forsberg.
16:29 of 3rd period - Stopped by Dwayne Roloson without a rebound.
16:30 of 3rd period - Ethan Moreau wins face-off versus Alexei Yashin in Oilers zone.
16:57 of 3rd period - Shot by Mike Knuble.
16:57 of 3rd period - Goal by Mike Knuble - Flyers : 4 - Oilers : 2.
16:58 of 3rd period - Mike Richards wins face-off versus Jarret Stoll in neutral zone.
17:10 of 3rd period - Icing by Brendan Witt.
17:11 of 3rd period - Jarret Stoll wins face-off versus Peter Forsberg in Oilers zone.
17:17 of 3rd period - Off-side.
17:18 of 3rd period - Peter Forsberg wins face-off versus Shawn Horcoff in neutral zone.
17:22 of 3rd period - Minor Penalty to Peter Forsberg for Interference.
17:23 of 3rd period - Shawn Horcoff wins face-off versus Michal Handzus in Oilers zone.
17:37 of 3rd period - Icing by Daniel Alfredsson.
17:38 of 3rd period - Shawn Horcoff wins face-off versus Simon Gagne in Oilers zone.
18:01 of 3rd period - Shot by Shawn Horcoff.
18:01 of 3rd period - Shot Misses the Net.


Output by the SimonT Hockey Simulator (STHS) for Stephane Roy -- Original Page W3C XHTML 1.0 Valid